 Dungeon Crawl Stone Soup version 0.31.0-12-g77e489cdc1 (webtiles) character file.

Game seed: 900075624636135423

49784 spaghetti the Bludgeoner (level 14, -2/111 HPs)
             Began as a Formicid Artificer on Feb 15, 2024.
             Was a High Priest of the Shining One.
             Slain by a death yak (8 damage)
             ... on level 5 of the Lair of Beasts.
             The game lasted 00:20:48 (15761 turns).

spaghetti the Bludgeoner (Formicid Artificer)      Turns: 15761, Time: 00:20:48

Health: -2/111     AC: 28    Str: 27    XL:     14   Next: 94%
Magic:  14/22      EV: 12    Int: 10    God:    the Shining One [*****.]
Gold:   997        SH:  5    Dex: 21    Spells: 13/13 levels left

rFire   . . .        x - +2 giant club (spect)
rCold   . . .        (shield currently unavailable)
rNeg    + + .        f - +0 plate armour
rPois   .            (helmet unavailable)
rElec   .            N - +1 cloak
rCorr   .            J - +2 pair of gloves {Dex+3}
SInv    +            u - +2 pair of boots of Experimentation {Will+}
Will    ++...        G - amulet of reflection Stlth
                     v - +6 ring of strength
HPRegen 0.38/turn    M - +4 ring of protection
MPRegen 0.18/turn

%: reflection
@: glowing
A: permanent stasis, dig shafts and tunnels, antennae 3, four strong arms, agile
1, mutation resistance 1, sense surroundings 1
a: Dig, Shaft Self, Renounce Religion, Divine Shield, Cleansing Flame, Summon
Divine Warrior


You were on level 5 of the Lair of Beasts.
You worshipped the Shining One.
The Shining One was extremely pleased with you.
You visited 3 branches of the dungeon, and saw 17 of its levels.
You also visited: Bailey.

You collected 1109 gold pieces.
You spent 112 gold pieces at shops.

Inventory:

Hand Weapons
 x - a +2 spectral giant club (weapon)
 B - the +10 zealot's sword {holy, Zealotry, *Rage rN+ EV+3}
   (You found it on level 7 of the Dungeon)

   Zealotry:  Whenever the wielder enters a berserk rage, their allies are
   berserked alongside them.
   EV+3:      It affects your evasion (+3).
   rN+:       It protects you from negative energy.
   *Rage:     It berserks you when you make melee attacks (+20% chance).
 H - a +0 giant spiked club
Missiles
 o - 3 throwing nets
 p - 6 curare-tipped darts
Armour
 f - a +0 plate armour (worn)
 u - the +2 pair of boots of Experimentation (worn) {Will+}
   (You found it on level 4 of the Dungeon)

   Will+:     It increases your willpower.
 y - a +0 tower shield
 J - a +2 pair of gloves of dexterity (worn)
 N - a +1 cloak (worn)
Jewellery
 g - a ring of positive energy
 s - a ring of magical power
 v - a +6 ring of strength (left hand)
 w - an amulet of the acrobat
 A - an amulet of regeneration
 G - an amulet of reflection (around neck)
 L - a ring of positive energy
 M - a +4 ring of protection (right hand)
Wands
 c - a wand of flame (58)
 d - a wand of charming (8)
 e - a wand of iceblast (8)
 I - a wand of polymorph (5)
Scrolls
 i - a scroll of noise
 k - 4 scrolls of revelation
 m - 7 scrolls of vulnerability
 n - 2 scrolls of poison
 q - 2 scrolls of immolation
 r - 5 scrolls of blinking
 t - a scroll of amnesia
 z - 2 scrolls of enchant armour
 D - a scroll of summoning
 E - 3 scrolls of identify
 K - a scroll of enchant weapon
Potions
 b - a potion of invisibility
 h - a potion of cancellation
 j - a potion of haste
 l - 2 potions of curing
 C - 2 potions of lignification
 F - 2 potions of brilliance
 O - a potion of degeneration
 P - a potion of might


   Skills:
 + Level 10.5 Fighting
 - Level 18.0 Maces & Flails
 + Level 10.5 Armour
 + Level 6.8 Dodging
 - Level 4.4 Stealth
 + Level 10.7 Invocations
 + Level 10.1 Evocations


You had 13 spell levels left.
You didn't know any spells.
Your spell library contained the following spells:

 Spells                   Type           Power      Damage    Failure   Level
 Magic Dart               Conj           0%         1d3       97%         1
 Summon Small Mammal      Summ           0%         N/A       97%         1
 Call Imp                 Summ           0%         N/A       99%         2
 Call Canine Familiar     Summ           0%         N/A       100%        3
 Sigil of Binding         Hex            0%         N/A       100%        3
 Dimensional Bullseye     Hex/Tloc       0%         N/A       100%        4
 Summon Blazeheart Golem  Fire/Summ      0%         N/A       100%        4
 Blink                    Tloc           Unusable   N/A       N/A         2

Dungeon Overview and Level Annotations

Branches:
Dungeon (11/15)            Temple (0/1) D:4            Lair (5/5) D:8
 Shoals (0/4) Lair:2        Snake (0/4) Lair:2          Orc (1/2) D:10
 Bailey (visited)
  Slime: Lair:4-5

Altars:
Elyvilon
Okawaru
Qazlal
Sif Muna
Uskayaw
Xom
Zin
The Shining One

Shops:
D:5 (   D:7 *

Annotations:
D:9 1 runed translucent door
D:10 exclusion: orange crystal statue
Lair:4 3 runed translucent doors, Gadfly's ghost, journeyman KoHu


Innate Abilities, Weirdness & Mutations

You cannot be hasted, slowed, berserked, paralysed or teleported.
You can dig through walls and to a lower floor.
You have a pair of large antennae on your head. (SInv)
Your four strong arms can wield two-handed weapons with a shield.
You are agile. (Dex +4, Str/Int -1)
You are somewhat resistant to further mutation.
You passively map a small area around you.


Message History

You closely miss the spriggan.
Your +2 spectral giant club barely misses the spriggan.
The spriggan hits you but does no damage.
You beat the spriggan like a drum!!!
You kill the spriggan!
Your +2 spectral giant club disappears.
A wolf comes into view.
The death yak gores you but does no damage.
The death yak gores you!
You completely miss the death yak.
Your +2 spectral giant club hits the death yak!!
The wolf stops to sniff the ground.
The death yak gores you but does no damage. x2
The death yak gores you.
Okay, then.
As you read the scroll of fear, it crumbles to dust.
You assume a fearsome visage.
The wolf looks frightened! x4
The death yak looks frightened! x3
The death yak resists with almost no effort.
The death yak easily resists.
Your +2 spectral giant club disappears.
The death yak gores you but does no damage.
The death yak barely misses you.
You fail to use your ability.
The death yak gores you but does no damage.
The death yak gores you!
* * * LOW HITPOINT WARNING * * *
Unknown command.
Unknown command.
Unknown command.
You are momentarily dazzled by a brilliant light.
You block the death yak's attack. The death yak gores you!!
* * * LOW HITPOINT WARNING * * *
Unknown command.
As you read the scroll of fear, it crumbles to dust.
You assume a fearsome visage.
The death yak resists with almost no effort. x2
The death yak seems to regain its courage.
The death yak gores you!
You die...

♣♣♣♣ ♣♣♣♣♣♣
♣♣Y8$♣♣♣♣♣♣♣....♣♣♣♣♣♣♣
*♣♣..A..♣.......♣........
.Y..Y..@...♣♣♣♣♣♣♣......
h.....YY.♣♣♣ ♣♣♣♣♣.....
♣♣♣.....♣♣ ♣.........
♣♣♣♣♣♣♣ ♣..)...♣♣.
♣♣♣♣♣....♣♣ ♣.....♣..♣
**♣...♣..)♣♣♣
♣...♣♣♣♣.)).♣♣♣ , *♣..
♣♣♣♣)..♣♣


You could see 5 death yaks, a wolf (fleeing) and a friendly angel (summoned).

Vanquished Creatures
  The ghost of Gadfly the Thrower, a journeyman OnGl of Okawaru (Lair:2)
  6 hydras
  Harold (D:10)
  A catoblepas (Lair:4)
  Erica (D:9)
  2 two-headed ogres
  3 boulder beetles
  6 death yaks
  A dancing weapon (Lair:2)
  2 skysharks
  6 elephants (Lair:5)
  2 black mambas
  2 gargoyles
  A torpor snail (Lair:1)
  11 cane toads
  11 komodo dragons
  5 kobold demonologists (D:10)
  2 rime drakes
  7 hornets
  2 trolls
  3 polar bears
  10 blink frogs
  2 dream sheep
  A shadow (D:10)
  18 spriggans
  32 yaks
  The ghost of MuppetCentipede the Chopper, an amateur MiMo (D:4)
  2 wyverns
  A wraith (D:7)
  3 basilisks
  2 steam dragons
  Edmund (D:6)
  An acid dragon (Bailey)
  3 nagas (Lair:2)
  27 water moccasins
  An orc warrior (D:9)
  7 black bears
  12 ogres
  A boggart (Lair:5)
  2 centaurs
  A phantom (D:6)
  21 wolves
  A kobold brigand (D:10)
  13 bullfrogs
  A gnoll sergeant (D:8)
  3 scorpions
  15 wights
  A killer bee (D:10)
  4 howler monkeys
  3 electric eels (Lair:2)
  2 bombardier beetles (D:6)
  4 hounds
  2 jellies
  6 orc priests
  A sleepcap (D:5)
  2 iguanas
  6 orc wizards
  7 hell rats (Lair:3)
  13 adders
  3 gnolls (D:8)
  A shadow imp (D:6)
  2 white imps (D:5)
  2 ufetubi (D:5)
  2 ribbon worms
  4 dart slugs
  33 orcs
  10 endoplasms
  7 giant cockroaches
  8 hobgoblins
  6 jackals
  13 kobolds
  2 quokkas (D:1)
  12 ball pythons
  4 bats
  6 frilled lizards
  9 goblins
  5 rats
438 creatures vanquished.

Vanquished Creatures (collateral kills)
  A wight (D:10)
  An adder (D:5)
2 creatures vanquished.

Vanquished Creatures (others)
  2 goblins (D:9)
  3 spectral weapons
5 creatures vanquished.

Grand Total: 445 creatures vanquished

Notes
Turn   | Place    | Note
-------+----------+-------------------------------------------
     0 | D:1      | spaghetti the Formicid Artificer began the quest for the
                  | Orb.
     0 | D:1      | Reached XP level 1. HP: 15/15 MP: 1/1
   193 | D:1      | Reached XP level 2. HP: 19/21 MP: 2/2
   242 | D:1      | Reached skill level 1 in Maces & Flails
   565 | D:1      | Reached XP level 3. HP: 24/27 MP: 3/3
  1109 | D:2      | Reached XP level 4. HP: 34/34 MP: 4/4
  1503 | D:3      | Noticed a scorpion
  1509 | D:3      | Killed a scorpion
  1510 | D:3      | Reached XP level 5. HP: 38/41 MP: 5/5
  1620 | D:3      | Found a faded altar of an unknown god.
  1659 | D:3      | Prayed at the altar of an unknown god.
  1659 | D:3      | Became a worshipper of the Shining One
  1659 | D:3      | Reached * piety under the Shining One
  1702 | D:3      | Reached skill level 1 in Invocations
  1702 | D:3      | Reached XP level 6. HP: 17/47 MP: 6/6
  2256 | D:3      | Found a shimmering blue altar of Sif Muna.
  2256 | D:3      | Found an iron altar of Okawaru.
  2257 | D:3      | Found a hide-covered altar of Uskayaw.
  3125 | D:4      | Found a runed translucent gate.
  3126 | D:4      | Found a runed translucent gate.
  3127 | D:4      | Found a runed translucent gate.
  3127 | D:4      | Noticed MuppetCentipede's ghost (amateur MiMo)
  3251 | D:4      | Found a staircase to the Ecumenical Temple.
  3350 | D:5      | Entered Level 5 of the Dungeon
  3360 | D:4      | Reached XP level 7. HP: 43/54 MP: 8/8
  3376 | D:4      | Identified a scroll of acquirement
  3376 | D:4      | Acquired a manual of Maces & Flails
  3548 | D:5      | Reached skill level 2 in Maces & Flails
  3647 | D:5      | Reached ** piety under the Shining One
  3654 | D:5      | Reached skill level 3 in Maces & Flails
  3661 | D:5      | Reached skill level 4 in Maces & Flails
  3715 | D:5      | Reached skill level 5 in Maces & Flails
  3864 | D:5      | Reached skill level 6 in Maces & Flails
  3891 | D:5      | Reached XP level 8. HP: 17/60 MP: 9/9
  4207 | D:5      | Reached skill level 7 in Maces & Flails
  4231 | D:5      | Found Detuuset's Antique Weapon Shop.
  4250 | D:5      | Bought a glowing giant club for 112 gold pieces
  4270 | D:5      | Reached skill level 8 in Maces & Flails
  4428 | D:6      | Reached skill level 9 in Maces & Flails
  4457 | D:6      | Reached skill level 10 in Maces & Flails
  4474 | D:6      | Noticed Edmund
  4479 | D:6      | Killed Edmund
  4553 | D:4      | Gained mutation: You are agile. (Dex +4, Str/Int -1)
                  | [potion of mutation]
  4553 | D:4      | Gained mutation: You are somewhat resistant to further
                  | mutation. [potion of mutation]
  4553 | D:4      | Gained mutation: You passively map a small area around you.
                  | [potion of mutation]
  4604 | D:4      | Killed MuppetCentipede's ghost
  4605 | D:4      | Reached skill level 11 in Maces & Flails
  4605 | D:4      | Reached XP level 9. HP: 61/65 MP: 10/10
  4636 | D:4      | Identified the +2 pair of boots of Experimentation {Will+}
  4708 | D:6      | Reached skill level 12 in Maces & Flails
  4798 | D:6      | Reached skill level 13 in Maces & Flails
  5561 | D:7      | Found the +10 zealot's sword {holy, Zealotry, *Rage rN+
                  | EV+3}
  5621 | D:7      | Reached *** piety under the Shining One
  5628 | D:7      | Reached skill level 14 in Maces & Flails
  5732 | D:7      | Found Nadenu's Assorted Antiques.
  5931 | D:7      | Noticed a troll
  5933 | D:7      | Killed a troll
  6185 | D:8      | Noticed a komodo dragon
  6189 | D:8      | Killed a komodo dragon
  6190 | D:8      | Reached XP level 10. HP: 61/71 MP: 11/11
  6335 | D:8      | Found a glowing silver altar of Zin.
  6339 | D:8      | Found a glowing golden altar of the Shining One.
  6340 | D:8      | Found a white marble altar of Elyvilon.
  6353 | D:8      | Noticed a gargoyle
  6356 | D:8      | Killed a gargoyle
  6357 | D:8      | Reached skill level 15 in Maces & Flails
  6432 | D:8      | Found a staircase to the Lair.
  7191 | D:9      | Reached skill level 16 in Maces & Flails
  7340 | D:9      | Found a runed translucent door.
  7402 | D:9      | Noticed Erica
  7409 | D:9      | Killed Erica
  7488 | D:9      | Found a flagged portal.
  7507 | Bailey   | Entered a bailey
  7535 | Bailey   | Reached XP level 11. HP: 68/77 MP: 12/12
  7560 | Bailey   | Reached skill level 17 in Maces & Flails
  7723 | Bailey   | Noticed a two-headed ogre
  7753 | Bailey   | Killed a two-headed ogre
  7812 | Bailey   | Identified the +3 rapier "Toxturas" {flame, *Noise rPois
                  | rN+ Int+2}
  8053 | D:9      | Reached skill level 18 in Maces & Flails
  8637 | D:10     | Entered Level 10 of the Dungeon
  8670 | D:10     | Noticed Harold
  8678 | D:10     | Killed Harold
  8725 | D:10     | Found a staircase to the Orcish Mines.
  8739 | D:10     | Was placed under penance by the Shining One
  8750 | Orc:1    | Entered Level 1 of the Orcish Mines
  8760 | D:10     | Noticed a sixfirhy
  8763 | D:10     | Found a stormy altar of Qazlal.
  8771 | D:10     | You fall into a shaft and drop 1 floor!
  8891 | D:11     | Reached skill level 5 in Armour
  8961 | D:10     | Reached skill level 5 in Fighting
  9164 | D:10     | Noticed an orange crystal statue
  9369 | D:10     | Noticed a sun demon
  9707 | D:11     | Noticed a two-headed ogre
  9710 | D:11     | Killed a two-headed ogre
  9711 | D:11     | Reached XP level 12. HP: 56/86 MP: 15/15
  9759 | Lair:1   | Entered Level 1 of the Lair of Beasts
  9768 | Lair:1   | Reached skill level 5 in Evocations
  9775 | Lair:1   | Reached skill level 5 in Invocations
 10151 | Lair:1   | Noticed a boulder beetle
 10160 | Lair:1   | Killed a boulder beetle
 10401 | Lair:1   | Was forgiven by the Shining One
 10442 | Lair:1   | Acquired a +2 pair of gloves of dexterity
 10559 | Lair:1   | Reached skill level 1 in Dodging
 11060 | Lair:2   | Noticed Gadfly's ghost (journeyman OnGl)
 11060 | Lair:2   | Found a runed translucent door.
 11060 | Lair:2   | Found a shimmering altar of Xom.
 11536 | Lair:2   | Noticed a +0 halberd of chaos
 11616 | Lair:2   | Noticed a skyshark
 11622 | Lair:2   | Killed a skyshark
 11654 | Lair:2   | Found a staircase to the Shoals.
 11765 | Lair:2   | Found a staircase to the Snake Pit.
 12105 | Lair:2   | Reached XP level 13. HP: 78/96 MP: 18/18
 12540 | Lair:2   | Killed Gadfly's ghost
 13047 | Lair:3   | Reached **** piety under the Shining One
 13202 | Lair:3   | Identified the +0 pair of boots of the Kitsune {rN+ Will-
                  | rCorr Stlth+}
 13544 | Lair:4   | Noticed a catoblepas
 13551 | Lair:4   | Killed a catoblepas
 13723 | Lair:4   | Noticed a five-headed hydra
 13724 | Lair:4   | Noticed a four-headed hydra
 13727 | Lair:4   | Killed a five-headed hydra
 13731 | Lair:4   | Killed a four-headed hydra
 13764 | Lair:4   | Reached skill level 5 in Dodging
 13856 | Lair:4   | Noticed Gadfly's ghost (journeyman KoHu)
 13859 | Lair:4   | Identified the ring "Ynwoiceble" {rF+ EV+5 Str+5 Dex-4
                  | Stlth+}
 13859 | Lair:4   | Noticed a minotaur
 13886 | Lair:4   | Noticed a seven-headed hydra
 13894 | Lair:4   | Killed a seven-headed hydra
 13895 | Lair:4   | Reached XP level 14. HP: 53/108 MP: 20/20
 14050 | Lair:4   | Found a runed translucent gate.
 14074 | Lair:4   | Found a runed translucent gate.
 14075 | Lair:4   | Found a runed translucent gate.
 14718 | Lair:5   | Entered Level 5 of the Lair of Beasts
 14975 | Lair:5   | Reached skill level 10 in Invocations
 15044 | Lair:5   | Reached skill level 10 in Armour
 15095 | Lair:5   | Reached skill level 10 in Fighting
 15275 | Lair:5   | Reached ***** piety under the Shining One
 15563 | Lair:5   | Reached skill level 10 in Evocations
 15761 | Lair:5   | Slain by a death yak

Illustrated notes

Levels and vault maps discovered:
D:1:      doesnt_arrival_eight_statues, layout_loops_corners
D:2:      layout_rooms
D:3:      minmay_chambers_of_threes, layout_basic,
          nicolae_overflow_hidden_temple,
          shapermc_ecumenical_altar_mp_ritualfount
D:4:      layout_basic, minmay_temple_entry_from_below_a,
          biasface_ghost_orc_armoury
D:5:      layout_rooms, serial_shops, shop, hex_large
D:6:      layout_loops_ring, portal_sewer_entry_d, uniq_edmund
D:7:      layout_basic, serial_shops, nicolae_shop_gibbet_a_chance
D:8:      layout_basic, good_gods_temple_1, lair_entry_dummy
D:9:      gammafunk_indiana_jones, layout_loops_ring, enter_bailey_5,
          chequers_serial_rivers_micro_b, uniq_erica
D:10:     layout_gridville, grunt_qazlal_clouds, orc_0_dummy, minivault_16,
          minmay_holes, kennysheep_generic_room_9, uniq_harold
D:11:     layout_cave_pods, serial_shops, nicolae_shop_bloodbath_and_beyond,
          portal_ice_cave_demonic_guard, uniq_lodul
Lair:1:   layout_cave_pods, chequers_serial_rivers_small_3,
          infiniplex_staircase_pool_2
Lair:2:   layout_gridlike, elwin_shoals_entry_rocks,
          guppyfry_snake_entry_island, ebering_ghost_xom
Lair:3:   layout_big_grid, grunt_megastairs_5
Lair:4:   layout_regular_city, maelrawn_ghost_gauntlet_escape, st_stairs_10,
          hangedman_lair_generics_rect
Lair:5:   minmay_lair_end_enchanted_forest, layout_gridlike,
          dpeg_slime_entry_enclosed, minmay_hedge_maze, serial_bayou_pond_c,
          serial_bayou_shore_b
Orc:1:    layout_diamond_mine, serial_shops, nicolae_shop_hallway_plus,
          monkooky_shop_alliterative

Skill      XL: |  1  2  3  4  5  6  7  8  9 10 11 12 13 14 |
---------------+-------------------------------------------+-----
Maces & Flails | 1 6 11 14 16 18 | 18.0
Fighting       | 2 3 4 5 7 9 10 | 10.5
Stealth        | 2 3 4 |  4.4
Armour         | 3 4 5 7 9 10 | 10.5
Invocations    | 1 2 4 7 9 10 | 10.7
Evocations     | 4 7 8 10 | 10.1
Dodging        | 2 5 6 |  6.8

Action                     |  1- 3 |  4- 6 |  7- 9 | 10-12 | 13-15 || total
---------------------------+-------+-------+-------+-------+-------++-------
  Melee: Club              |    10 |       |       |       |       ||    10
         Quarterstaff      |    70 |   189 |       |       |       ||   259
         Punch             |       |     1 |     2 |       |       ||     3
         Morningstar       |       |       |    58 |       |       ||    58
         Giant club        |       |       |    75 |   255 |   304 ||   634
 Invoke: Divine Shield     |       |       |       |     1 |       ||     1
         Summon Divine War |       |       |       |       |     1 ||     1
Ability: Shaft Self        |       |       |       |     1 |       ||     1
  Evoke: Wand              |     2 |       |     8 |    12 |       ||    22
    Use: Scroll            |       |     6 |     3 |     9 |     6 ||    24
         Potion            |       |     2 |     2 |     5 |       ||     9
 Armour: Plate armour      |    92 |   247 |   190 |   207 |   197 ||   933
  Dodge: Dodged            |    19 |    73 |    84 |   163 |    60 ||   399
  Block: Other             |       |       |       |     4 |    54 ||    58
